 Dungeon Sprint DCSS version 0.18.1-50-g88ac8fd (webtiles) character file.

5163 unrecovered the Eclecticist (level 10, -9/50 HPs)
             Began as a Deep Elf Conjurer on Oct 29, 2016.
             Was the Champion of Cheibriados.
             Killed by an exploding giant spore (24 damage)
             ... in the Dungeon (Sprint I: "Red Sonja").
             The game lasted 00:20:44 (1743 turns).

unrecovered the Eclecticist (Deep Elf Conjurer)     Turns: 1743, Time: 00:20:46

Health: -9/50      AC:  7    Str: 20    XL:     10   Next: 33%
Magic:  33/33      EV: 24    Int: 42    God:    Cheibriados [******]
Gold:   43         SH:  0    Dex: 30    Spells: 7 memorised, 18 levels left

rFire  . . .     SeeInvis .     e - +2 falchion (elec)
rCold  + . .     Gourm    .     d - +1 robe {rC+}
rNeg   . . .     Faith    .     (no shield)
rPois  .         Spirit   .     t - +0 helmet
rElec  .         Dismiss  .     f - +0 cloak of Qazlal's Hope {Int+3}
rCorr  .         Reflect  .     (no gloves)
SustAt .         Harm     .     r - +1 pair of boots
MR     +....     NoTele   +     q - amulet of magic regeneration
Stlth  +.........               (no ring)
                                (no ring)

@: confused, very slow, somewhat resistant to hostile enchantments, very
unstealthy
A: no striking features
a: Bend Time, Temporal Distortion, Slouch, Step From Time, Renounce Religion


You were in the Dungeon.
You worshipped Cheibriados.
Cheibriados was exalted by your worship.
You were hungry.

You visited 1 branch You collected 1088 gold pieces.
You spent 1045 gold pieces at shops.

Inventory:

Hand Weapons
 e - a +2 falchion of electrocution (weapon)
 l - a +0 blowgun
Missiles
 m - 4 curare-tipped needles
Armour
 a - a +0 robe
 d - a +1 robe of cold resistance (worn)
 f - the +0 cloak of Qazlal's Hope (worn) {Int+3}
   (You bought it in a shop in the Dungeon)

   It affects your intelligence (+3).
 r - a +1 pair of boots (worn)
 t - a +0 helmet (worn)
 u - a +0 buckler
Jewellery
 q - an amulet of magic regeneration (around neck)
Scrolls
 i - 4 scrolls of blinking
 p - a scroll of recharging
 s - 2 scrolls of identify
Potions
 g - 2 potions of magic
 h - a potion of might {unknown}
 n - a potion of heal wounds
 o - a potion of lignification {unknown}
Books
 b - a book of Conjurations

   Spells                             Type                      Level
   a - Magic Dart                     Conjuration                  1
   b - Searing Ray                    Conjuration                  2
   c - Dazzling Spray                 Conjuration/Hexes            3
   d - Fulminant Prism                Conjuration/Hexes            4
   e - Iskenderun's Mystic Blast      Conjuration                  4
   f - Iskenderun's Battlesphere      Conjuration/Charms           5
 k - a Grand Grimoire

   Spells                             Type                      Level
   a - Monstrous Menagerie            Summoning                    7
   b - Summon Greater Demon           Summoning                    7
   c - Malign Gateway                 Summoning/Translocation      7
   d - Summon Horrible Things         Summoning                    8
Comestibles
 c - 2 bread rations
 j - a beef jerky


   Skills:
 - Level 9.4 Dodging
 - Level 2.4 Stealth
 + Level 0.0 Shields
 - Level 17.6 Spellcasting
 - Level 13.1 Conjurations
 - Level 10.3 Hexes
 - Level 9.5 Charms
 * Level 8.1 Summonings
 - Level 8.2 Translocations


You had 18 spell levels left.
You knew the following spells:

 Your Spells              Type           Power        Failure   Level  Hunger
a - Magic Dart            Conj           ####         0%          1    None
b - Searing Ray           Conj           ######       0%          2    None
c - Iskenderun's Mystic   Conj           #######.     1%          4    None
d - Dazzling Spray        Conj/Hex       ######       0%          3    None
e - Fulminant Prism       Conj/Hex       #######...   1%          4    None
f - Iskenderun's Battles  Conj/Chrm      #######.     1%          5    None
g - Malign Gateway        Summ/Tloc      #######...   21%         7    None


Dungeon Overview and Level Annotations

Branches:
Dungeon (1/1)

Altars:
Cheibriados
Dithmenos
Elyvilon
Fedhas
Gozag
Kikubaaqudgha
Makhleb
Nemelex Xobeh
Okawaru
Pakellas
Qazlal
Ru
Sif Muna
Trog
Vehumet
Xom
Yredelemnul
Zin
The Shining One
Jiyva

Shops:
D !**(:(%([*[?[}(%


Message History

There is an open door, spattered with blood here.
There is a deep blue altar of Sif Muna, spattered with blood here.
Things that are here:
an uncursed shortbow; 13 arrows You are feeling hungry.
There is an open door here.
You see here a short sword of distortion.
You open the door. 2 giant spores come into view.
The giant spore waves its rhizomes.
The giant spore explodes!
The explosion of spores engulfs you!
You are confused.
Ouch! That really hurt!
* * * LOW HITPOINT WARNING * * *
The explosion of spores engulfs the giant spore.
The giant spore explodes!
A fungus suddenly grows.
The explosion of spores engulfs you!
You are more confused.
You die...

#..#__####..##(#≈§≈.§#..#
#..#_.___##'#.§'≈§≈§.'§§#
#⌠⌠#_.∩...'..._#§§§..#..#
####_..._##_.#'##§#####§###
#_____###'#(#(§§.# #.§.#
############)####+### ###.#
#∩^.......'...+ #§#
###++++####...###########.#
##@###.....§§##.# #'#
#....§...'÷# !$!
#.'.######§#
$%P[$#........#.#
#######.....§.#§§#
#(}.(.....§.§####
#}.........≈≈#
##.......≈≈≈## ###..≈≈≈≈###


There were no monsters in sight!

Vanquished Creatures
  2 centaur warriors (D)
  Sonja (D)
  2 unseen horrors (D)
  An oklob plant (D)
  A slime creature (D)
  Sigmund (D)
  2 redbacks (D)
  A yak (D)
  A giant eyeball (D)
  An ogre (D)
  A wasp (D)
  7 necrophages (D)
  8 jellies (D)
  Ijyb (D)
  A fulminant prism (D)
31 creatures vanquished.

Vanquished Creatures (others)
  2 sirens (D)
  4 wasps (D)
  17 fulminant prisms (D)
23 creatures vanquished.

Grand Total: 54 creatures vanquished

Notes
Turn   | Place    | Note
--------------------------------------------------------------
     0 | D        | unrecovered the Deep Elf Conjurer began the quest for the Orb.
     0 | D        | Reached XP level 1. HP: 10/10 MP: 6/6
     2 | D        | Noticed Ijyb
     7 | D        | Killed Ijyb
     7 | D        | Reached skill level 8 in Spellcasting
     7 | D        | Reached XP level 2. HP: 15/15 MP: 7/13
    45 | D        | Learned a level 2 spell: Searing Ray
    45 | D        | Noticed an ogre
    51 | D        | Killed an ogre
    51 | D        | Reached skill level 10 in Spellcasting
    51 | D        | Reached XP level 3. HP: 9/19 MP: 9/17
    51 | D        | Reached XP level 4. HP: 11/24 MP: 9/18
   236 | D        | Learned a level 4 spell: Iskenderun's Mystic Blast
   240 | D        | Learned a level 3 spell: Dazzling Spray
   245 | D        | Learned a level 4 spell: Fulminant Prism
   245 | D        | Noticed Sigmund
   252 | D        | Killed Sigmund
   252 | D        | Reached skill level 12 in Spellcasting
   252 | D        | Reached skill level 5 in Hexes
   252 | D        | Reached XP level 5. HP: 28/28 MP: 6/22
   252 | D        | Reached XP level 6. HP: 32/32 MP: 6/23
   268 | D        | Learned a level 5 spell: Iskenderun's Battlesphere
   364 | D        | Found a deep blue altar of Sif Muna.
   368 | D        | Found a radiant altar of Vehumet.
   411 | D        | Found a snail-covered altar of Cheibriados.
   411 | D        | Found a viscous altar of Jiyva.
   411 | D        | Found a shadowy altar of Dithmenos.
   411 | D        | Found a blossoming altar of Fedhas.
   411 | D        | Noticed a slime creature
   419 | D        | Killed a slime creature
   419 | D        | Reached skill level 13 in Spellcasting
   419 | D        | Reached skill level 5 in Charms
   540 | D        | Became a worshipper of Cheibriados the Contemplative
   548 | D        | Found Puyriah's Assorted Antiques.
   548 | D        | Found a white marble altar of Elyvilon.
   548 | D        | Found a stormy altar of Qazlal.
   548 | D        | Found a burning altar of Makhleb.
   548 | D        | Found a sacrificial altar of Ru.
   548 | D        | Found an oddly glowing altar of Pakellas.
   548 | D        | Found a basalt altar of Yredelemnul.
   548 | D        | Found a glowing golden altar of the Shining One.
   548 | D        | Found a sparkling altar of Nemelex Xobeh.
   548 | D        | Found a shimmering altar of Xom.
   548 | D        | Found an opulent altar of Gozag.
   548 | D        | Found an ancient bone altar of Kikubaaqudgha.
   548 | D        | Found a glowing silver altar of Zin.
   548 | D        | Noticed a yak
   551 | D        | Killed a yak
   551 | D        | Reached skill level 14 in Spellcasting
   551 | D        | Reached skill level 10 in Conjurations
   551 | D        | Reached XP level 7. HP: 16/36 MP: 17/26
   552 | D        | Found an iron altar of Okawaru.
   553 | D        | Found a bloodstained altar of Trog.
   557 | D        | Bought a faintly glowing cloak for 190 gold pieces
   717 | D        | Identified the +0 cloak of Qazlal's Hope {Int+3} (You bought it in a shop in the Dungeon)
   725 | D        | Noticed a centaur warrior
   732 | D        | Killed a centaur warrior
   732 | D        | Reached * piety under Cheibriados
   732 | D        | Reached skill level 15 in Spellcasting
   732 | D        | Reached skill level 10 in Hexes
   732 | D        | Reached XP level 8. HP: 41/41 MP: 16/29
   799 | D        | HP: 2/41 [centaur warrior/uncursed falchion of electrocution (10)]
   801 | D        | Killed a centaur warrior
  1035 | D        | Reached skill level 16 in Spellcasting
  1035 | D        | Reached XP level 9. HP: 45/45 MP: 25/31
  1038 | D        | Noticed an oklob plant
  1042 | D        | Reached ** piety under Cheibriados
  1184 | D        | Killed an oklob plant
  1184 | D        | Reached *** piety under Cheibriados
  1238 | D        | Bought a metal-bound book for 300 gold pieces
  1246 | D        | Learned a level 7 spell: Malign Gateway
  1251 | D        | Noticed Sonja
  1257 | D        | Killed Sonja
  1257 | D        | Reached skill level 17 in Spellcasting
  1274 | D        | Found Ysats's Distillery.
  1282 | D        | Bought 2 potions of heal wounds for 120 gold pieces
  1321 | D        | Reached **** piety under Cheibriados
  1333 | D        | Reached ***** piety under Cheibriados
  1341 | D        | Reached skill level 5 in Summonings
  1341 | D        | Reached skill level 5 in Translocations
  1421 | D        | Reached XP level 10. HP: 50/50 MP: 13/33
  1423 | D        | Reached ****** piety under Cheibriados
  1427 | D        | Killed an unseen horror
  1532 | D        | Found Fafucsil's Antique Weapon Shoppe.
  1537 | D        | Killed an unseen horror
  1632 | D        | Killed a siren
  1644 | D        | Found Yddeiw's Gadget Boutique.
  1645 | D        | Found Atzifuf's Book Boutique.
  1645 | D        | Found Nintyv Xaeba's Antique Weapon Emporium.
  1646 | D        | Found Lidappue's Food Emporium.
  1655 | D        | Found Soesm's General Store.
  1657 | D        | Found Luar's Antique Weapon Emporium.
  1657 | D        | Found Welathross's Food Shop.
  1657 | D        | Found Qorouk Egor's Antique Weapon Shoppe.
  1657 | D        | Found Cyowoinau's Antique Armour Boutique.
  1657 | D        | Found Kuodady's Assorted Antiques.
  1657 | D        | Found Yseriozu's Armour Shop.
  1657 | D        | Found Kybos's Magic Scroll Shoppe.
  1671 | D        | Found Iris's Armour Boutique.
  1676 | D        | Bought a dented ruby amulet for 90 gold pieces
  1677 | D        | Bought a +1 pair of boots for 149 gold pieces
  1678 | D        | Bought a scroll of identify for 22 gold pieces
  1678 | D        | Bought a scroll of identify for 22 gold pieces
  1678 | D        | Bought a scroll of identify for 22 gold pieces
  1678 | D        | Bought a scroll of identify for 22 gold pieces
  1682 | D        | Bought a +0 helmet for 54 gold pieces
  1682 | D        | Bought a +0 buckler for 54 gold pieces
  1717 | D        | Killed a siren
  1743 | D        | Killed by an exploding giant spore

Skill      XL: |  1  2  3  4  5  6  7  8  9 10 |
---------------+-------------------------------+-----
Spellcasting   | 8 10 12 14 15 16 17 | 17.6
Conjurations   | 7 8 10 11 12 13 | 13.1
Hexes          | 5 8 10 | 10.3
Charms         | 6 9 |  9.5
Dodging        | 6 9 |  9.4
Summonings     | 5 8 |  8.1
Translocations | 5 8 |  8.2
Stealth        | |  2.4

Action                   |  1- 3 |  4- 6 |  7- 9 | 10-12 || total
-------------------------+-------+-------+-------+-------++-------
Melee: Unarmed           |     4 |     1 |       |       ||     5
       Falchion          |       |       |     1 |     1 ||     2
 Cast: Magic Dart        |     1 |     1 |     9 |       ||    11
       Searing Ray       |     1 |     1 |     2 |     2 ||     6
       Dazzling Spray    |       |     4 |     3 |       ||     7
       Fulminant Prism   |       |     3 |    11 |     4 ||    18
       Iskenderun's Myst |       |     6 |     7 |       ||    13
       Iskenderun's Batt |       |       |     2 |       ||     2
  Use: Potion            |     2 |     1 |     1 |     1 ||     5
       Scroll            |       |       |       |     2 ||     2
  Eat: Chunk             |       |       |     1 |       ||     1
Armor: Robe              |     1 |       |       |     2 ||     3
Dodge: Dodged            |     1 |     1 |    12 |    10 ||    24
